 Dungeon Crawl Stone Soup version 0.29-a0-322-g68df515428 (webtiles) character file.

Game seed: 5095628930335977509

86922 jmlagarto the Tortoise (level 15, 0/158 HPs)
             Began as a Minotaur Fighter on Apr 6, 2022.
             Was the Champion of Jiyva.
             Slain by a basilisk (4 damage)
             ... while petrified by a basilisk
             ... on level 11 of the Dungeon on Apr 8, 2022.
             The game lasted 00:39:04 (15670 turns).

jmlagarto the Tortoise (Minotaur Fighter)          Turns: 15670, Time: 00:39:04

Health: 0/158      AC: 20    Str: 34    XL:     15   Next: 42%
Magic:  14/14      EV:  2    Int:  5    God:    Jiyva [******]
Gold:   973        SH:  0    Dex: 11    Spells: 14/14 levels left

rFire   . . .      SeeInvis .   a - +5 war axe (protect)
rCold   + . .      Faith    .   B - +2 tower shield
rNeg    + + +      Spirit   .   y - +1 scale mail of Putaem {Will+ Str+7}
rPois   ∞          Reflect  .   (helmet unavailable)
rElec   .          Harm     .   o - +0 cloak
rCorr   +          Rampage  .   (no gloves)
Will    +....                   (no boots)
Stlth   +.........              (no amulet)
HPRegen 1.96/turn               H - ring of protection from cold
MPRegen 0.64/turn               b - +4 ring of evasion

@: petrified, weak-willed, studying Invocations
A: horns 3, retaliatory headbutt, iridescent scales 2, robust 1, shaggy fur 2,
wild magic 3, gelatinous body 1, translucent skin 2
a: Renounce Religion, Oozemancy, Slimify


You were on level 11 of the Dungeon.
You worshipped Jiyva.
Jiyva was exalted by your worship.
You visited 4 branches of the dungeon, and saw 20 of its levels.
You also visited: Ice Cave.

You collected 1487 gold pieces.
You spent 514 gold pieces at shops.

Inventory:

Hand Weapons
 a - a +5 war axe of protection (weapon)
 g - a +4 scimitar of flaming
 F - a +4 morningstar of holy wrath
 P - a +5 great mace of protection
Missiles
 e - 4 throwing nets
 m - 17 poisoned darts (quivered)
Armour
 c - +0 fire dragon scales
 o - a +0 cloak (worn)
 y - the +1 scale mail of Putaem (worn) {Will+ Str+7}
   (You bought it in a shop on level 6 of the Dungeon)

   Str:       It affects your strength (+7).
   Will:      It increases your willpower.
 B - a +2 tower shield (worn)
 X - a +1 kite shield of cold resistance
Magical Staves
 r - a staff of cold
 Q - a staff of poison
Jewellery
 b - a +4 ring of evasion (right hand)
 n - a ring of protection from fire
 E - the ring "Woefess" {*Corrode rPois MP+9 Int+7 Dex-5}
   (You found it on level 2 of the Lair of Beasts)

   [ring of magical power]

   Int:       It affects your intelligence (+7).
   Dex:       It affects your dexterity (-5).
   rPois:     It protects you from poison.
   MP:        It affects your magic capacity (+9).
   *Corrode:  It may corrode you when you take damage.
 H - a ring of protection from cold (left hand)
 I - a +6 ring of dexterity
 J - a +6 ring of dexterity
 M - a +4 ring of evasion
 S - a ring of protection from cold
 T - an amulet of guardian spirit
 U - a ring of poison resistance
 V - an amulet of reflection
 W - an amulet of regeneration
Wands
 A - a wand of paralysis (12)
 D - a wand of iceblast (3)
 G - a wand of polymorph (3)
 L - a wand of flame (10)
Scrolls
 f - 3 scrolls of holy word
 i - 4 scrolls of fog
 k - 3 scrolls of fear
 l - 2 scrolls of immolation
 p - 2 scrolls of teleportation
 q - 2 scrolls of blinking
 t - 2 scrolls of enchant armour
 u - a scroll of summoning
 w - 2 scrolls of silence
 x - 2 scrolls of magic mapping
Potions
 d - a potion of mutation {unknown}
 h - 2 potions of attraction
 j - 6 potions of curing
 s - a potion of cancellation {unknown}
 v - 3 potions of brilliance
 z - 3 potions of might
 C - 2 potions of degeneration {unknown}
 K - a potion of ambrosia {unknown}
 N - a potion of flight {unknown}
 O - 2 potions of berserk rage
 Y - a potion of heal wounds
Miscellaneous
 R - a phial of floods


   Skills:
 + Level 16.0 Fighting
 + Level 15.8 Axes
 + Level 16.1 Armour
 + Level 16.0 Shields
 + Level 8.9 Evocations


You had 14 spell levels left.
You didn't know any spells.
Your spell library contained the following spells:

 Spells                   Type           Power      Damage    Failure   Level
 Pain                     Necr           0%         1d4       99%         1
 Static Discharge         Conj/Air       0%         N/A       100%        2
 Portal Projectile        Hex/Tloc       0%         N/A       100%        3
 Animate Dead             Necr           0%         N/A       100%        4
 Agony                    Necr           0%         N/A       100%        5
 Blade Hands              Tmut           0%         N/A       100%        5
 Excruciating Wounds      Necr           0%         N/A       100%        5
 Fireball                 Conj/Fire      0%         3d3       100%        5
 Iskenderun's Battlesphe  Conj           0%         2d6       100%        5
 Lightning Bolt           Conj/Air       0%         1d11      100%        5
 Conjure Ball Lightning   Conj/Air       0%         3x3d6     100%        6
 Dispersal                Tloc           0%         N/A       100%        6
 Haunt                    Necr/Summ      0%         N/A       100%        7
 Orb of Destruction       Conj           0%         9d5       100%        7
 Disjunction              Tloc           0%         N/A       100%        8
 Infestation              Necr           0%         N/A       100%        8
 Maxwell's Capacitive Co  Air            0%         ∞         100%        8


Dungeon Overview and Level Annotations

Branches:
Dungeon (11/15)            Temple (0/1) D:6            Lair (6/6) D:9
 Shoals (0/4) Lair:3        Snake (1/4) Lair:3        Slime (0/5) Lair:5
    Orc (2/2) D:9             Elf (0/3) Orc:2         IceCv (visited)

Altars:
Ashenzari
Cheibriados
Dithmenos
Gozag
Makhleb
Nemelex Xobeh
Okawaru
Qazlal
Sif Muna
Uskayaw
Xom
Jiyva

Shops:
D:6 *   D:7 [   Orc:1 :   Orc:2 *=:?

Portals:
Hell: Lair:6

Annotations:
Lair:4 exclusion: ice statue


Innate Abilities, Weirdness & Mutations

You have a pair of large horns on your head.
You reflexively headbutt those who attack you in melee.
You are mostly covered in iridescent scales. (AC +4)
You are robust. (+10% HP)
You are covered in thick fur. (AC +2)
Your spells are much harder to cast, but much more powerful.
Your rubbery body absorbs attacks. (AC +1, EV +1)
Your translucent skin reduces your foes' accuracy. (Stealth+)


Message History

* * * LOW HITPOINT WARNING * * *
The basilisk gazes at you.
You are slowing down.
The phantasmal warrior attacks as you move away!
The phantasmal warrior hits you but does no damage.
The basilisk gazes at you.
Your limbs have turned to stone.
You have turned to stone.
The phantasmal warrior hits you!
* * * LOW HITPOINT WARNING * * *
The basilisk bites you but does no damage.
The phantasmal warrior hits you!
* * * LOW HITPOINT WARNING * * *
The basilisk bites you but does no damage.
The phantasmal warrior hits you!!
* * * LOW HITPOINT WARNING * * *
The basilisk gazes at you. The phantasmal warrior hits you.
* * * LOW HITPOINT WARNING * * *
The basilisk bites you!
* * * LOW HITPOINT WARNING * * *
The phantasmal warrior hits you!!
* * * LOW HITPOINT WARNING * * *
The basilisk gazes at you.
You easily resist.
The phantasmal warrior hits you!
* * * LOW HITPOINT WARNING * * *
The basilisk bites you but does no damage.
The phantasmal warrior hits you!
* * * LOW HITPOINT WARNING * * *
The basilisk bites you but does no damage.
The phantasmal warrior hits you but does no damage.
The basilisk gazes at you.
You easily resist.
The phantasmal warrior hits you!
* * * LOW HITPOINT WARNING * * *
The basilisk gazes at you.
You easily resist.
The phantasmal warrior hits you but does no damage.
The basilisk bites you!
You die...

#.# *,,,,,,,,,*,,,,*****#.
#.# **,*,***,**,,,,* #. #.#
*,*,,,*,*****,* *, #.#
*,,,,,,,* *,* *, #.#
*,,,,,,,* *,* *, #.#
*,,,,,,,* *,* *, #.#
*,,,,,*,* *,* *,
##.###############.####*,*
*,
#.............W@lzW....*,*
*,
##################.###.*,*
*, *,,,,,,,,,,,,,,*,*,* *,
**,*********,,,*,*,* *,
****,*********,,**,*,* *,
*,,,,,,,,,,,,,,,,,,*,******,
*,**,,,,,,,,,,,,,,,,,,,,,,,,
*,*****,,,,,,,,,,,,*,******,
*,,,,,,,*********,**,,,,,,,,


You could see a skeletal warrior, a phantasmal warrior, a basilisk and a wraith.

Vanquished Creatures
  Rupert (Lair:6)
  A lich (D:10)
  Kirke (Lair:6)
  A stone giant (D:10)
  A dire elephant (Lair:6)
  2 boulder beetles
  Harold (Lair:1)
  2 ice dragons
  11 hydras
  Erica (Lair:1)
  4 two-headed ogres
  A death knight (D:11)
  3 orc high priests (Orc:2)
  A death yak (Lair:2)
  A sixfirhy (Lair:6)
  2 skeletal warriors (D:10)
  A fire crab (Lair:5)
  The ghost of tilp the Destroyer, a novice FeIE of Vehumet (D:10)
  A naga ritualist (Snake:1)
  7 orc knights
  A wizard (Lair:6)
  A lindwurm (shapeshifter) (D:10)
  A necromancer (D:10)
  3 lindwurms
  3 orc sorcerers (Orc:2)
  The ghost of qborf the Chopper, a novice OgGl of Okawaru (D:4)
  A salamander (Lair:1)
  A merfolk siren (Lair:3)
  11 black mambas
  2 ice statues (IceCv)
  4 elephants
  Joseph (Lair:1)
  Maggie (D:9)
  5 orange demons (Lair:6)
  3 torpor snails
  21 cane toads
  A kobold demonologist (D:10)
  10 komodo dragons
  10 rime drakes
  Psyche (D:9)
  A freezing wraith (D:11)
  A hellwing (Lair:6)
  6 polar bears
  3 trolls
  23 blink frogs
  11 dream sheep
  4 wraiths (D:10)
  7 wyverns
  A vampire (D:10)
  9 basilisks
  2 steam dragons
  64 yaks
  6 vampire mosquitoes (D:11)
  6 nagas
  A warg (Orc:2)
  15 water moccasins
  5 hell hounds (Lair:6)
  2 black bears
  8 ice beasts
  33 orc warriors
  2 sky beasts
  3 centaurs
  4 ogres
  24 wolves
  2 phantoms
  2 kobold brigands
  14 bullfrogs
  3 necrophages
  3 scorpions (D:5)
  A gnoll sergeant (D:9)
  3 killer bees (D:6)
  An electric eel (Lair:1)
  8 howler monkeys
  8 komodo dragon simulacra (IceCv)
  30 orc priests
  2 gnoll shamans
  5 iguanas
  22 orc wizards
  2 spriggan simulacra (D:11)
  2 centaur simulacra (D:10)
  12 gnolls
  7 adders
  A naga simulacrum (D:11)
  6 acid dragon simulacra (IceCv)
  A shadow imp (D:5)
  4 white imps
  7 steam dragon simulacra (IceCv)
  4 dart slugs
  66 orcs
  5 bats
  5 endoplasms (D:1)
  3 giant cockroaches
  5 goblins
  5 hobgoblins
  A jackal (D:3)
  4 quokkas
  15 ball pythons
  3 frilled lizards (D:3)
  13 kobolds
  7 rats
649 creatures vanquished.

Vanquished Creatures (collateral kills)
  A fire dragon (D:9)
  An orc (D:8)
2 creatures vanquished.

Vanquished Creatures (others)
  2 orc high priests (Orc:2)
  7 humans (Lair:6)
  2 water moccasins (Lair:4)
  3 orc warriors (Orc:2)
  2 centaurs
  A wolf (Lair:3)
  A kobold brigand (D:7)
  A bullfrog (Lair:4)
  3 killer bees (D:7)
  A howler monkey (D:8)
  78 jellies
  5 orc priests
  A gnoll shaman (D:9)
  5 orc wizards
  4 gnolls
  2 adders
  A dart slug (D:4)
  An endoplasm (D:4)
  16 orcs
  3 goblins (D:4)
  A hobgoblin (D:3)
  3 jackals (D:3)
  3 kobolds (D:7)
  2 quokkas (D:4)
  3 ball pythons
  63 fungi
  93 plants
  9 toadstools (Lair:2)
316 creatures vanquished.

Grand Total: 967 creatures vanquished

Notes
Turn   | Place    | Note
-------+----------+-------------------------------------------
     0 | D:1      | jmlagarto the Minotaur Fighter began the quest for the Orb.
     0 | D:1      | Reached XP level 1. HP: 19/19 MP: 0/0
   336 | D:1      | Reached XP level 2. HP: 22/27 MP: 1/1
   944 | D:1      | Reached XP level 3. HP: 33/33 MP: 2/2
  1571 | D:2      | Found a faded altar of an unknown god.
  2248 | D:2      | Reached XP level 4. HP: 36/40 MP: 3/3
  2500 | D:2      | Prayed at the altar of an unknown god.
  2500 | D:2      | Became a worshipper of Jiyva Jygeemoq the Shapeless
  2500 | D:2      | Reached * piety under Jiyva
  2685 | D:3      | Found a broken altar of Ashenzari.
  2723 | D:3      | Reached ** piety under Jiyva
  3056 | D:4      | Noticed a black bear
  3066 | D:4      | Killed a black bear
  3067 | D:4      | Reached XP level 5. HP: 33/47 MP: 4/4
  3086 | D:4      | Noticed qborf's ghost (novice OgGl)
  3104 | D:4      | Reached skill level 5 in Armour
  3105 | D:4      | Reached skill level 5 in Fighting
  3144 | D:4      | Reached skill level 5 in Shields
  3146 | D:4      | Noticed an ogre
  3152 | D:4      | Killed an ogre
  3153 | D:4      | Reached XP level 6. HP: 46/56 MP: 5/5
  3228 | D:4      | Noticed a sky beast
  3233 | D:4      | Killed a sky beast
  3438 | D:4      | Reached *** piety under Jiyva
  3500 | D:4      | Found a runed translucent gate.
  3500 | D:4      | Found a runed translucent gate.
  3501 | D:4      | Found a runed translucent gate.
  3513 | D:4      | Gained mutation: You have large cloven feet. [Jiyva's
                  | grace]
  3513 | D:4      | Gained mutation: You have hoof-like feet. [Jiyva's grace]
  3513 | D:4      | Gained mutation: You have hooves in place of feet. [Jiyva's
                  | grace]
  3513 | D:4      | Gained mutation: Your natural rate of healing is unusually
                  | fast. [Jiyva's grace]
  3531 | D:4      | Found an opulent altar of Gozag.
  3758 | D:4      | Killed qborf's ghost
  3759 | D:4      | Reached skill level 5 in Axes
  3759 | D:4      | Reached XP level 7. HP: 44/63 MP: 6/6
  4035 | D:5      | Entered Level 5 of the Dungeon
  4105 | D:5      | Found an iron altar of Okawaru.
  4177 | D:5      | Reached XP level 8. HP: 62/71 MP: 7/7
  4319 | D:5      | Reached **** piety under Jiyva
  4455 | D:5      | Found a shimmering altar of Xom.
  4455 | D:5      | Found a shadowy altar of Dithmenos.
  4747 | D:6      | Reached XP level 9. HP: 73/81 MP: 8/8
  5091 | D:6      | Found a staircase to the Ecumenical Temple.
  5132 | D:6      | Found Ilohelat's Assorted Antiques.
  5139 | D:6      | Bought a polished scale mail for 189 gold pieces
  5139 | D:6      | Identified the +1 scale mail of Putaem {Will+ Str+7} (You
                  | bought it in a shop on level 6 of the Dungeon)
  5154 | D:6      | Reached ***** piety under Jiyva
  5578 | D:7      | Lost mutation: You have hooves in place of feet. [Jiyva's
                  | grace]
  5578 | D:7      | Gained mutation: Your rubbery body absorbs attacks. (AC +1,
                  | EV +1) [Jiyva's grace]
  5578 | D:7      | Gained mutation: Your pliable body absorbs attacks. (AC +2,
                  | EV +2) [Jiyva's grace]
  5578 | D:7      | Gained mutation: Your gelatinous body deflects attacks. (AC
                  | +3, EV +3) [Jiyva's grace]
  5578 | D:7      | Gained mutation: Your flesh is cold resistant. (rC+)
                  | [Jiyva's grace]
  5754 | D:7      | Found Cheibriados's Comfort Zone.
  5754 | D:7      | Found a snail-covered altar of Cheibriados.
  6362 | D:9      | Noticed Maggie
  6365 | D:9      | Reached XP level 10. HP: 91/91 MP: 9/9
  6374 | D:9      | Killed Maggie
  6436 | D:9      | Noticed a fire dragon
  6441 | D:9      | Found a staircase to the Lair.
  6443 | D:9      | Killed a fire dragon
  6472 | D:9      | Noticed Psyche
  6489 | D:9      | Killed Psyche
  6490 | D:9      | Reached skill level 10 in Fighting
  6490 | D:9      | Reached skill level 10 in Armour
  6490 | D:9      | Reached skill level 10 in Shields
  6602 | D:9      | Reached skill level 10 in Axes
  6669 | D:9      | Noticed a +0 dagger
  6669 | D:9      | Noticed a +0 falchion
  6669 | D:9      | Noticed a +0 dagger
  6670 | D:9      | Noticed a +0 short sword
  6670 | D:9      | Noticed a +0 short sword
  6670 | D:9      | Noticed a +0 falchion
  6670 | D:9      | Noticed a +0 spear
  6670 | D:9      | Noticed a +0 spear
  6676 | D:9      | Found a hide-covered altar of Uskayaw.
  6718 | D:9      | Found a staircase to the Orcish Mines.
  6905 | D:9      | Reached ****** piety under Jiyva
  6926 | D:9      | Found a sparkling altar of Nemelex Xobeh.
  7084 | Lair:1   | Entered Level 1 of the Lair of Beasts
  7084 | Lair:1   | You fall into a shaft and drop 1 floor!
  7098 | Lair:2   | Noticed a torpor snail
  7098 | Lair:2   | Noticed a death yak
  7143 | Lair:2   | Noticed a six-headed hydra
  7143 | Lair:2   | Noticed a four-headed hydra
  7236 | Lair:1   | Noticed Harold
  7249 | Lair:1   | Noticed a cane toad
  7256 | Lair:1   | Killed a cane toad
  7257 | Lair:1   | Reached XP level 11. HP: 98/101 MP: 10/10
  7264 | Lair:1   | Killed Harold
  7325 | Lair:1   | Noticed Erica
  7337 | Lair:1   | Killed Erica
  7370 | Lair:1   | Lost mutation: Your natural rate of healing is unusually
                  | fast. [Jiyva's grace]
  7370 | Lair:1   | Lost mutation: Your gelatinous body deflects attacks. (AC
                  | +3, EV +3) [Jiyva's grace]
  7370 | Lair:1   | Gained mutation: Your muscles are strong. (Str +2) [Jiyva's
                  | grace]
  7370 | Lair:1   | Gained mutation: Your muscles are very strong. (Str +4)
                  | [Jiyva's grace]
  7370 | Lair:1   | Gained mutation: You have hidden genetic potential.
                  | [Jiyva's grace]
  7370 | Lair:1   | Gained mutation: You have great hidden genetic potential.
                  | [Jiyva's grace]
  7378 | Lair:1   | Found a shimmering blue altar of Sif Muna.
  7386 | Lair:1   | Noticed Joseph
  7400 | Lair:1   | Killed Joseph
  7935 | Lair:2   | Reached skill level 1 in Evocations
  7981 | Lair:2   | Killed a one-headed hydra
  8049 | Lair:2   | Reached XP level 12. HP: 112/112 MP: 11/11
  8130 | Lair:2   | Killed a two-headed hydra
  8414 | Lair:2   | Killed a death yak
  8432 | Lair:2   | Gained mutation: You are partially covered in iridescent
                  | scales. (AC +2) [hidden potential]
  8490 | Lair:2   | Found a runed translucent door.
  8687 | Lair:2   | Identified the ring "Woefess" {*Corrode rPois MP+9 Int+7
                  | Dex-5}
  8804 | Lair:3   | Found a staircase to the Snake Pit.
  9163 | Lair:3   | Found a staircase to the Shoals.
  9344 | Lair:3   | Noticed a boulder beetle
  9361 | Lair:3   | Killed a boulder beetle
  9651 | Lair:3   | Noticed a seven-headed hydra
  9661 | Lair:3   | Killed a four-headed hydra
  9863 | Lair:4   | Lost mutation: You have hoof-like feet. [Jiyva's grace]
  9863 | Lair:4   | Lost mutation: You have large cloven feet. [Jiyva's grace]
  9863 | Lair:4   | Lost mutation: Your muscles are very strong. (Str +4)
                  | [Jiyva's grace]
  9863 | Lair:4   | Lost mutation: Your pliable body absorbs attacks. (AC +2,
                  | EV +2) [Jiyva's grace]
  9863 | Lair:4   | Gained mutation: Your melee attacks may engulf your foes in
                  | ooze. [Jiyva's grace]
  9863 | Lair:4   | Gained mutation: You are covered in fur. (AC +1) [Jiyva's
                  | grace]
  9863 | Lair:4   | Gained mutation: You are covered in thick fur. (AC +2)
                  | [Jiyva's grace]
  9863 | Lair:4   | Gained mutation: Your thick and shaggy fur keeps you warm.
                  | (AC +3, rC+) [Jiyva's grace]
  9901 | Lair:4   | Reached XP level 13. HP: 122/122 MP: 12/12
  9906 | Lair:4   | Reached skill level 5 in Evocations
  9998 | Lair:4   | Gained mutation: You have a pair of large horns on your
                  | head. [hidden potential]
  9998 | Lair:4   | Lost mutation: You have great hidden genetic potential.
                  | [hidden potential expressed]
 11048 | Lair:5   | Found a staircase to the Slime Pits.
 11333 | Lair:6   | Entered Level 6 of the Lair of Beasts
 11333 | Lair:6   | Lost mutation: You have hidden genetic potential. [Jiyva's
                  | grace]
 11333 | Lair:6   | Gained mutation: Your translucent skin slightly reduces
                  | your foes' accuracy. (Stealth+) [Jiyva's grace]
 11333 | Lair:6   | Gained mutation: Your translucent skin reduces your foes'
                  | accuracy. (Stealth+) [Jiyva's grace]
 11333 | Lair:6   | Gained mutation: Your transparent skin significantly
                  | reduces your foes' accuracy. (Stealth+) [Jiyva's grace]
 11333 | Lair:6   | Gained mutation: You are robust. (+10% HP) [Jiyva's grace]
 11579 | Lair:6   | Reached XP level 14. HP: 146/146 MP: 13/13
 11715 | Lair:6   | Identified the +0 leather armour "Bageomapt" {Rampage}
 11727 | Lair:6   | Noticed Kirke
 11736 | Lair:6   | Killed Kirke
 11955 | Lair:6   | Found a burning altar of Makhleb.
 12000 | Lair:6   | Found a gateway to Hell.
 12051 | Lair:6   | Noticed Rupert
 12067 | Lair:6   | Killed Rupert
 12068 | Lair:6   | Reached skill level 15 in Fighting
 12068 | Lair:6   | Reached skill level 15 in Armour
 12068 | Lair:6   | Reached skill level 15 in Shields
 12106 | Lair:6   | Found a stormy altar of Qazlal.
 12770 | Orc:1    | Entered Level 1 of the Orcish Mines
 12875 | Orc:1    | Reached skill level 15 in Axes
 13044 | Orc:1    | Found Kyeghioc's Self-Improvement Boutique.
 13163 | Orc:2    | Entered Level 2 of the Orcish Mines
 13177 | Orc:2    | Found a shimmering blue altar of Sif Muna.
 13713 | Orc:2    | Found a staircase to the Elven Halls.
 14012 | Orc:2    | Found Astazah's Jewellery Shop.
 14015 | Orc:2    | Found Dijoll's Book Boutique.
 14016 | Orc:2    | Found Geogiof's Assorted Antiques.
 14017 | Orc:2    | Found Watem's Magic Scroll Shop.
 14020 | Orc:2    | Bought a scroll of identify for 60 gold pieces
 14023 | Orc:2    | Bought a scroll of vulnerability for 97 gold pieces
 14023 | Orc:2    | Bought a scroll of magic mapping for 45 gold pieces
 14023 | Orc:2    | Bought a scroll of identify for 26 gold pieces
 14023 | Orc:2    | Bought a scroll of identify for 26 gold pieces
 14023 | Orc:2    | Bought a scroll of identify for 26 gold pieces
 14023 | Orc:2    | Bought a scroll of immolation for 45 gold pieces
 14229 | Snake:1  | Entered Level 1 of the Snake Pit
 14238 | Snake:1  | Reached XP level 15. HP: 147/153 MP: 14/14
 14363 | D:10     | Entered Level 10 of the Dungeon
 14414 | D:10     | Found a runed translucent door.
 14421 | D:10     | Noticed a lich
 14421 | D:10     | Noticed tilp's ghost (novice FeIE)
 14442 | D:10     | Killed a lich
 14470 | D:10     | Killed tilp's ghost
 14506 | D:10     | Found a runed translucent door.
 14635 | D:10     | Lost mutation: Your flesh is cold resistant. (rC+) [Jiyva's
                  | grace]
 14635 | D:10     | Lost mutation: Your thick and shaggy fur keeps you warm.
                  | (AC +3, rC+) [Jiyva's grace]
 14635 | D:10     | Lost mutation: Your muscles are strong. (Str +2) [Jiyva's
                  | grace]
 14635 | D:10     | Lost mutation: Your transparent skin significantly reduces
                  | your foes' accuracy. (Stealth+) [Jiyva's grace]
 14635 | D:10     | Lost mutation: Your melee attacks may engulf your foes in
                  | ooze. [Jiyva's grace]
 14635 | D:10     | Gained mutation: Your spells are a little harder to cast,
                  | but a little more powerful. [Jiyva's grace]
 14635 | D:10     | Gained mutation: Your spells are harder to cast, but more
                  | powerful. [Jiyva's grace]
 14635 | D:10     | Gained mutation: Your spells are much harder to cast, but
                  | much more powerful. [Jiyva's grace]
 14635 | D:10     | Gained mutation: You are mostly covered in iridescent
                  | scales. (AC +4) [Jiyva's grace]
 14656 | D:10     | Found a stormy altar of Qazlal.
 15084 | D:11     | Found a frozen archway.
 15098 | IceCv    | Entered an ice cave
 15667 | D:11     | HP: 5/158 [phantasmal warrior[a death knight] (5)]
 15669 | D:11     | HP: 2/158 [phantasmal warrior[a death knight] (7)]
 15670 | D:11     | Slain by a basilisk

Illustrated notes

Levels and vault maps discovered:
D:1:      amcnicky_arrival_gap_in_the_tavern_cellar, layout_basic,
          minmay_misc_feat_more_columns
D:2:      layout_basic, ebering_ecumenical_altar_webs, grunt_decor_cap,
          minmay_shallow_snake_nest
D:3:      layout_basic, evilmike_ruin_ashenzari
D:4:      layout_basic, nicolae_gozag_seed_capital, gammafunk_ghost_split,
          minmay_crossroads
D:5:      layout_cave_pods, general_overflow_altar,
          mainiacjoe_overflow_large_starburst, serial_column_ruins,
          column_ruins_hut_ruined, column_ruins_square_huge,
          column_ruins_grid_3, column_ruins_open_medium, column_ruins_open_tiny,
          column_ruins_columns_corner, column_ruins_grid_2, feat_on_display
D:6:      minmay_flawed_box, layout_cave_pools,
          minmay_temple_entry_gardened_gates, serial_shops, nicolae_shop_crystal
D:7:      layout_loops_cross, minmay_shop_chei
D:8:      layout_rooms, dk_noncrumbling_3
D:9:      layout_cave_pools, nicolae_uskayaw_en_pointe, marbit_many_paths,
          minmay_lair_entry_lava, orc_0_dummy, chequers_serial_rivers_micro_d,
          uniq_psyche, uniq_maggie
D:10:     layout_roguey, mainiacjoe_overflow_surrounded_room,
          muffindrake_ghost_dual_entry
D:11:     layout_basic, portal_ice_cave_entry_ice_simulacra, uniq_fannar
Lair:1:   layout_gridlike, basic_altar, serial_bayou_shore_a, uniq_joseph,
          uniq_harold, uniq_erica
Lair:2:   gammafunk_lair_enchanted_lake, layout_misc_corridors
Lair:3:   layout_cave_pods, minmay_shoals_entry_lonely_mermaid,
          minmay_snake_entry_guardpost_small, chequers_serial_rivers_marsh
Lair:4:   layout_cave_pods, ice2_lemuel
Lair:5:   layout_cave_shapes, slime_dummy, grunt_megastairs_4
Lair:6:   evil_forest, layout_loops_ring, basic_altar, grunt_megastairs_1,
          infiniplex_staircase_pool_2, uniq_kirke, uniq_rupert
Snake:1:  layout_basic, uniq_aizul, uniq_nikola
Orc:1:    layout_caves, nicolae_shop_self_help
Orc:2:    st_orc_pillars, layout_caves, abandoned_shop, led_sif_book

Skill      XL: |  1  2  3  4  5  6  7  8  9 10 11 12 13 14 15 |
---------------+----------------------------------------------+-----
Armour         | 4 5 6 8 9 10 12 13 14 15 16 | 16.1
Shields        | 4 5 6 8 9 10 12 13 14 15 16 | 16.0
Fighting       | 4 5 6 8 9 10 12 13 14 15 16 | 16.0
Axes           | 3 4 5 6 7 9 10 11 13 14 15 | 15.8
Evocations     | 2 4 6 8 |  8.9

Action                   |  1- 3 |  4- 6 |  7- 9 | 10-12 | 13-15 || total
-------------------------+-------+-------+-------+-------+-------++-------
Melee: War axe           |    75 |    75 |   192 |   368 |   756 ||  1466
       Headbutt          |    11 |    10 |    35 |    75 |   198 ||   329
       Kick              |       |       |    51 |   131 |       ||   182
       Scimitar          |       |       |       |    14 |    18 ||    32
       Morningstar       |       |       |       |       |    26 ||    26
Throw: Dart              |    11 |    11 |       |     4 |    23 ||    49
Invok: Oozemancy         |       |       |       |       |     2 ||     2
  Use: Scroll            |     2 |       |     4 |    10 |     8 ||    24
       Potion            |       |     1 |       |       |     3 ||     4
Armor: Scale mail        |    25 |    32 |    74 |   148 |   325 ||   604
Dodge: Dodged            |    47 |    26 |   118 |   245 |   439 ||   875
Block: Buckler           |    20 |    23 |    48 |       |       ||    91
       Tower shield      |       |       |    39 |   485 |   882 ||  1406

Table legend: (Time is in decaauts)
 A = Elapsed time spent in this place.
 B = Non-inter-level travel time spent in this place.
 C = Inter-level travel time spent in this place.
 D = Time resting spent in this place.
 E = Time spent auto-exploring this place.
 F = Levels seen in this place.
 G = Mean time per level.
                   A        B        C        D        E       F      G
               +--------+--------+--------+--------+--------+-----+--------+
         Total |  15972 |  14844 |   1128 |    236 |  11095 |  21 |  760.6 |
       Dungeon |   8249 |   7752 |    497 |     60 |   6204 |  11 |  749.9 |
          Lair |   5992 |   5463 |    529 |    125 |   3894 |   6 |  998.7 |
     Snake Pit |     51 |     51 |      0 |      0 |      0 |   1 |   51.0 |
  Orcish Mines |   1327 |   1226 |    101 |     51 |    813 |   2 |  663.5 |
      Ice Cave |    351 |    351 |      0 |      0 |    184 |   1 |  351.0 |
               +--------+--------+--------+--------+--------+-----+--------+

Top non-repeatable levels by time:
     D:1: 1497 daAuts
  Lair:6: 1302 daAuts
  Lair:3: 1103 daAuts
  Lair:2: 1072 daAuts
     D:2: 1043 daAuts
  Lair:4: 1003 daAuts
     D:4: 1002 daAuts
   Orc:2: 956 daAuts
  Lair:1: 938 daAuts
     D:9: 857 daAuts
     D:5: 711 daAuts
    D:10: 668 daAuts
     D:6: 632 daAuts
  Lair:5: 572 daAuts
     D:7: 556 daAuts
